 Dungeon Crawl Stone Soup version 0.23.2-1-ga50397a (webtiles) character file.

Game seed: 7017210634938134513

81 myga the Chucker (level 4, -5/45 HPs)
             Began as an Ogre Hunter on Apr 30, 2019.
             Slain by Grinder (9 damage)
             ... on level 3 of the Dungeon.
             The game lasted 00:14:23 (2275 turns).

myga the Chucker (Ogre Hunter)                      Turns: 2275, Time: 00:14:24

Health: -5/45      AC:  3    Str: 16    XL:     4   Next: 42%
Magic:  4/4        EV: 10    Int: 12    God:
Gold:   51         SH:  0    Dex: 10    Spells: 3/3 levels left

rFire    x . .     SeeInvis .   q - +0 quarterstaff
rCold    + . .     Gourm    .   (shield currently unavailable)
rNeg     . . .     Faith    .   b - +0 robe
rPois    .         Spirit   .   (helmet restricted)
rElec    .         Reflect  .   (no cloak)
rCorr    .         Harm     .   (gloves unavailable)
MR       .....                  (boots unavailable)
Stlth    +.........             (no amulet)
HPRegen  0.15/turn              k - ring of ice
MPRegen  0.09/turn              (no ring)

@: no status effects
A: large, unfitting armour, tough skin 1
a: no special abilities


You were on level 3 of the Dungeon.
You were not hungry.

You visited 1 branch of the dungeon, and saw 3 of its levels.

You collected 51 gold pieces.

Inventory:

Hand Weapons
 q - a +0 quarterstaff (weapon)
Missiles
 d - 2 throwing nets
 g - 39 stones (quivered)
 i - 39 poisoned needles
 y - 17 sling bullets
Armour
 b - a +0 robe (worn)
Jewellery
 k - a ring of ice (left hand)
Wands
 z - a wand of acid (1)
Scrolls
 e - 3 scrolls of remove curse
 p - 3 scrolls of magic mapping {unknown}
 r - 2 scrolls of identify {unknown}
 s - a scroll of amnesia {unknown}
 u - a scroll of enchant weapon {unknown}
 v - a scroll of fog {unknown}
Potions
 a - a potion of magic {unknown}
 h - 2 potions of flight {unknown}
 l - a potion of degeneration {unknown}
 m - 4 potions of curing
 n - a potion of cancellation
 o - a potion of brilliance {unknown}
 w - a potion of heal wounds {unknown}
Comestibles
 f - 4 rations
 x - 3 chunks of flesh


   Skills:
 + Level 3.2 Fighting
   Level 0.1 Short Blades
 + Level 1.2 Staves
 + Level 5.0 Throwing
 + Level 2.1 Dodging
 + Level 1.0 Stealth


You had 3 spell levels left.
You didn't know any spells.
Your spell library was empty.

Dungeon Overview and Level Annotations

Branches:
Dungeon (3/15)

Altars:

Annotations:
D:3 Grinder


Innate Abilities, Weirdness & Mutations

You are too large for most types of armour.
You have tough skin. (AC +1)


Message History

Throwing (i - inventory. (/) - cycle)
g - 40 stones (quivered)
Press: ? - help, Shift-Dir - straight line, f/p - Grinder
Aim: Grinder (heavily wounded)
You throw a stone. The stone barely misses Grinder.
You barely miss Grinder.
Grinder is heavily wounded.
Grinder gestures at you. Pain shoots through your body!
You barely miss Grinder.
Grinder is heavily wounded.
Grinder hits you!
You writhe in agony.
* * * LOW HITPOINT WARNING * * *
It was a potion of cancellation.
You feel magically purged. Grinder hits you.
* * * LOW HITPOINT WARNING * * *
You writhe in agony.
* * * LOW HITPOINT WARNING * * *
Okay, then.
As you read the scroll of fear, it crumbles to dust.
You assume a fearsome visage.
Grinder is unaffected.
Grinder hits you!
You die...

#.# #.# .#### #.##############
(>...#+##.....#.........
(.........###.#.##......
.(........# #.#.#.......
(((.......# #.#.#.......
.#.(......###.#.#.#+#+##
#(.((5@..#...#...#...<.
###...####.#.....#.#.## ###.
##.....#...#.## #.
#....#.###.#.# ..
#.#..#.#...#.#
###############+#.......##.#
####....................#.....#
#..........#####........#######
#..........# #....<...# ######


You could see Grinder.

Vanquished Creatures
  3 adders (D:2)
  A worm (D:2)
  A dart slug (D:1)
  A leopard gecko (D:2)
  A ball python (D:2)
  A giant cockroach (D:2)
  5 goblins
  8 hobgoblins
  4 jackals (D:2)
  A quokka (D:2)
  9 bats
  5 frilled lizards
  3 kobolds (D:1)
  7 rats
50 creatures vanquished.

Notes
Turn   | Place    | Note
-------+----------+-------------------------------------------
     0 | D:1      | myga the Ogre Hunter began the quest for the Orb.
     0 | D:1      | Reached XP level 1. HP: 22/22 MP: 1/1
   247 | D:1      | Reached XP level 2. HP: 21/29 MP: 2/2
   693 | D:2      | Reached XP level 3. HP: 25/36 MP: 3/3
  1405 | D:2      | Reached skill level 1 in Stealth
  1414 | D:2      | Reached XP level 4. HP: 36/45 MP: 4/4
  1524 | D:2      | Reached skill level 5 in Throwing
  1538 | D:2      | Reached skill level 1 in Staves
  2249 | D:3      | Noticed Grinder
  2275 | D:3      | Slain by Grinder

Skill      XL: |  1  2  3  4 |
---------------+-------------+-----
Dodging        | 2 |  2.1
Fighting       | 3 |  3.2
Stealth        | 1 |  1.0
Throwing       | 5 |  5.0
Staves         | 1 |  1.2
Short Blades   | |  0.1

Action                   |  1- 3 |  4- 6 || total
-------------------------+-------+-------++-------
Melee: Short sword       |    29 |       ||    29
       Dagger            |    35 |       ||    35
       Quarterstaff      |    42 |    32 ||    74
Throw: Stone             |    49 |    27 ||    76
       Large rock        |     3 |     5 ||     8
       Tomahawk          |       |     3 ||     3
  Use: Scroll            |     1 |     4 ||     5
       Potion            |       |     2 ||     2
 Stab: Sleeping          |     2 |     2 ||     4
  Eat: Chunk             |     2 |     2 ||     4
Armor: Robe              |    40 |     4 ||    44
Dodge: Dodged            |    68 |     7 ||    75
